Cogmind - Beta 13 --- EXPLORER MODE // 2024.04.02 @ 19:48:05 Player: Soimafreak Result: Destroyed by D-53 Grenadier with Mini Grenade Launcher Performance ------------- Evolutions (0) 0 Regions Visited (4) 800 Robots Destroyed (1) 5 Value Destroyed (34) 34 Prototype IDs (0) 0 Alien Tech Used (0) 0 Bonus (300) 300 TOTAL SCORE: 1139 Bonus ------- Aligned with FarCom 300 Cogmind --------- Core Integrity 0/250 Matter 300/300 Energy 98/100 System Corruption 3% Temperature Cool (0) Movement Core (50) Location -9/Mines Parts ------- > --- POWER (1) -------- (None) > --- PROPULSION (3) --- (None) > --- UTILITY (2) ------ (None) > --- WEAPON (2) ------- (None) > --- INVENTORY (5) ---- Aluminum Leg Aluminum Leg Large Storage Unit Targeting Computer Core Shielding Peak State ------------ > --- POWER ------------ Light Ion Engine > --- PROPULSION ------- Aluminum Leg Aluminum Leg Aluminum Leg > --- UTILITY ---------- Targeting Computer Core Shielding > --- WEAPON ----------- EM Pulse Gun Small Laser > --- INVENTORY -------- Weapon Shielding [Rating: 8] Favorites ----------- Power Light Ion Engine Engine Light Ion Engine Propulsion Aluminum Leg Leg Aluminum Leg Utility Targeting Computer Processor Targeting Computer Protection Weapon Shielding Weapon Small Laser Energy Gun Small Laser Build | -11 -10 -10 -10 -9 ------- Run | Yrd Mat Min Exi Min Slots Evolved 1 | . 1 . . . Power . | . . . . . Propulsion 1 | . 1 . . . Utility . | . . . . . Weapon . | . . . . . Parts Attached 9 | 7 2 . . . Power 1 | 1 . . . . Engine 1 | 1 . . . . Core . | . . . . . Reactor . | . . . . . Propulsion 3 | 2 1 . . . Treads . | . . . . . Leg 3 | 2 1 . . . Wheel . | . . . . . Hover . | . . . . . Flight . | . . . . . Utility 3 | 2 1 . . . Device . | . . . . . Storage . | . . . . . Processor 1 | 1 . . . . Hackware . | . . . . . Protection 2 | 1 1 . . . Artifact . | . . . . . Weapon 2 | 2 . . . . Energy Gun 2 | 2 . . . . Energy Cannon . | . . . . . Ballistic Gun . | . . . . . Ballistic Cannon . | . . . . . Launcher . | . . . . . Special Weapon . | . . . . . Impact Weapon . | . . . . . Slashing Weapon . | . . . . . Piercing Weapon . | . . . . . Special Melee Weapon . | . . . . . Unidentified Prototypes . | . . . . . Parts Lost 6 | . . . . 6 Power 1 | . . . . 1 Propulsion 1 | . . . . 1 Utility 2 | . . . . 2 Weapon 2 | . . . . 2 Highest Loss Streak 5 | . . . . 5 To Critical Strikes . | . . . . . Average Slot Usage (%) 94 | . 98 100 100 51 Engine 11 | . 12 12 12 6 Leg 34 | . 35 37 37 18 Processor 10 | . 12 12 12 1 Protection 11 | . 12 12 12 8 Energy Gun 23 | . 25 25 25 15 Naked Turns 40 | . . . . 40 Heaviest Build 7 | 7 7 7 7 7 Greatest Support 30 | 20 30 30 30 30 Greatest Overweight (x) . | . . . . . Average Overweight (x) . | . . . . . Largest Inventory Capacity 5 | 5 5 5 5 5 Average Capacity 5 | 5 5 5 5 5 Most Carried 5 | 2 5 5 5 5 Average Carried 4 | . 3 5 5 5 Final Capacity 5 | 5 5 5 5 5 Final Carried 5 | 1 5 5 5 5 Class Distribution -------------------- 100% | Hacker-Mutant Dominant Class ---------------- Hacker-Mutant | -10/Materials Hacker-Mutant | -10/Mines Hacker-Mutant | -10/Exiles Hacker-Mutant | -9/Mines Resources | -11 -10 -10 -10 -9 ----------- Run | Yrd Mat Min Exi Min Matter Collected 280 | 262 18 . . . Remotely . | . . . . . Salvage Created 40 | 40 . . . . Parts . | . . . . . Haulers Intercepted . | . . . . . Recyclers Shooed . | . . . . . Parts Field Recycled . | . . . . . Retrieved Matter . | . . . . . Parts Self-Destructed . | . . . . . Prevented . | . . . . . Kills | -11 -10 -10 -10 -9 ------- Run | Yrd Mat Min Exi Min Combat Hostiles Destroyed 1 | 1 . . . . Guns 1 | 1 . . . . Classes Destroyed 1 | 1 . . . . Grunt 1 | 1 . . . . Best Kill Streak 1 | 1 . . . . Combat Bots Only 1 | 1 . . . . Max Kills in Single Turn 1 | 1 . . . . Gunslinging . | . . . . . Exploded . | . . . . . Melee . | . . . . . Uniques/NPCs Destroyed . | . . . . . Combat | -11 -10 -10 -10 -9 -------- Run | Yrd Mat Min Exi Min Hostile Shots Fired 90 | 3 . . . 87 Missed 30 | 2 . . . 28 Damage Taken 653 | 6 . . . 647 Core 253 | 5 . . . 248 Absorbed by Shields . | . . . . . Redirected to Shielding 39 | 1 . . . 38 Ignored by Resistances 395 | 4 . . . 391 Core Remaining (%) 98 | 98 . . . . Volleys Fired 8 | 2 3 . . 3 Largest 2 | 2 2 . . 2 Hottest 80 | 80 80 . . 80 Shots Fired 17 | 4 6 . 1 6 Gun 17 | 4 6 . 1 6 Cannon . | . . . . . Launcher . | . . . . . Special . | . . . . . Kinetic . | . . . . . Thermal 9 | 2 3 . 1 3 Explosive . | . . . . . Electromagnetic 8 | 2 3 . . 3 Robot Hit Streak 5 | 1 5 . . 2 Robot Miss Streak 2 | . 1 . . 2 Penetration Max . | . . . . . Secondary Targets . | . . . . . Shots Hit Robots 8 | 1 5 . . 2 Core Hits 2 | 1 . . . 1 Critical Kills . | . . . . . Critical Parts Destroyed . | . . . . . Critical Strikes . | . . . . . Melee Attacks . | . . . . . Impact . | . . . . . Slashing . | . . . . . Piercing . | . . . . . Sneak Attacks . | . . . . . Combat Hostiles . | . . . . . Follow-up Attacks . | . . . . . Damage Inflicted 118 | 15 80 . . 23 Guns 116 | 15 80 . . 21 Cannons . | . . . . . Explosions . | . . . . . Melee . | . . . . . Ramming 2 | . . . . 2 Kinetic . | . . . . . Thermal 43 | . 32 . . 11 Explosive . | . . . . . Electromagnetic 73 | 15 48 . . 10 Impact . | . . . . . Slashing . | . . . . . Piercing . | . . . . . Highest Corruption 3 | . 1 1 1 3 Average Corruption 1 | . 1 1 1 2 Corruption Purged . | . . . . . Corruption Blocked . | . . . . . Effects 10 | . 1 . 8 1 Message Errors 2 | . . . 2 . Matter Fused 4 | . 1 . 2 1 Heat Flow Errors 1 | . . . 1 . Parts Fused 1 | . . . 1 . Data Loss (minor) 1 | . . . 1 . Misfires 1 | . . . 1 . Overload Shots . | . . . . . Overflow Damage . | . . . . . Projectiles . | . . . . . Explosions . | . . . . . Melee . | . . . . . Knockbacks . | . . . . . Impact . | . . . . . Kinetic . | . . . . . Secondary . | . . . . . Self-Inflicted Damage . | . . . . . Shots . | . . . . . Rammed . | . . . . . Targets Rammed 1 | . . . . 1 Kicked 1 | . . . . 1 Crushed . | . . . . . Highest Temperature 112 | 18 18 . 112 76 Average Temperature 23 | 12 9 . 48 25 Received Heat Transfer 266 | 6 . . . 260 Siege Activations . | . . . . . Robots Corrupted . | . . . . . Combat Hostiles . | . . . . . Parts Fried . | . . . . . Impact Corruptions . | . . . . . Robots Melted . | . . . . . Combat Hostiles . | . . . . . Parts Melted . | . . . . . Heat Transferred 100 | . 75 . . 25 Parts Sabotaged . | . . . . . Parts Stolen . | . . . . . Parts Stripped . | . . . . . Power Chain Reactions . | . . . . . Alert | -11 -10 -10 -10 -9 ------- Run | Yrd Mat Min Exi Min Peak Influence 47 | 35 47 12 . . Initial 17 | . 17 12 . . Average 16 | 2 34 12 . . Maximum Alert Level . | . . . . . Low Security (%) 100 | 100 100 100 . 100 Level 1 . | . . . . . Level 2 . | . . . . . Level 3 . | . . . . . Level 4 . | . . . . . Level 5 . | . . . . . High Security . | . . . . . Max Security . | . . . . . Squads Dispatched . | . . . . . Investigation . | . . . . . Extermination . | . . . . . Reinforcement . | . . . . . Assault . | . . . . . Garrison . | . . . . . Intercept . | . . . . . Searches Triggered . | . . . . . Construction Impeded . | . . . . . Haulers Reinforced . | . . . . . Active Scanning Responses . | . . . . . Cargo Convoy Interrupts . | . . . . . Stealth | -11 -10 -10 -10 -9 --------- Run | Yrd Mat Min Exi Min Distress Signals 1 | . 1 . . . Communications Jammed . | . . . . . Distress Signals . | . . . . . Times Spotted 26 | 1 2 . . 23 Peak Tracking Total 17 | 1 1 . . 17 Tactical Retreats 3 | . . . . 3 Traps | -11 -10 -10 -10 -9 ------- Run | Yrd Mat Min Exi Min Traps Triggered 1 | . 1 . . . Indirectly . | . . . . . Trap Hack Attempts . | . . . . . Triggered . | . . . . . Disarmed . | . . . . . Reprogrammed . | . . . . . Reused . | . . . . . Traps Extracted . | . . . . . Installed . | . . . . . Triggered . | . . . . . Machines | -11 -10 -10 -10 -9 ---------- Run | Yrd Mat Min Exi Min Machines Disabled . | . . . . . Max in Single Turn . | . . . . . Machines Repaired . | . . . . . Machines Dismantled . | . . . . . Machines Sabotaged . | . . . . . Overloaded Fab Kills . | . . . . . Hacking | -11 -10 -10 -10 -9 --------- Run | Yrd Mat Min Exi Min Machines Accessed 1 | . . . 1 . Terminals . | . . . . . Fabricators . | . . . . . Repair Stations . | . . . . . Recycling Units . | . . . . . Scanalyzers . | . . . . . Garrison Access . | . . . . . Total Hacks 23 | . . . 23 . Successful 23 | . . . 23 . Failed . | . . . . . Catastrophic . | . . . . . Database Lockouts . | . . . . . Manual . | . . . . . Terminals . | . . . . . Fabricators . | . . . . . Repair Stations . | . . . . . Recycling Units . | . . . . . Scanalyzers . | . . . . . Garrison Access . | . . . . . Terminal Hacks 23 | . . . 23 . Record 23 | . . . 23 . Fabricator Hacks . | . . . . . Repair Station Hacks . | . . . . . Recycling Unit Hacks . | . . . . . Scanalyzer . | . . . . . Garrison Access Hacks . | . . . . . Unauthorized Hacks . | . . . . . Terminals . | . . . . . Fabricators . | . . . . . Repair Stations . | . . . . . Recycling Units . | . . . . . Scanalyzers . | . . . . . Garrison Access . | . . . . . Data Cores Recovered . | . . . . . Used . | . . . . . Hacking Detections . | . . . . . Full Trace Events . | . . . . . Feedback Events . | . . . . . Feedback Blocked . | . . . . . Robot Schematics Acquired . | . . . . . Robots Built . | . . . . . Authchips . | . . . . . Time . | . . . . . Total Robot Build Rating . | . . . . . Part Schematics Acquired . | . . . . . Parts Built . | . . . . . Authchips . | . . . . . Time . | . . . . . Total Part Build Rating . | . . . . . Parts Repaired . | . . . . . Time . | . . . . . Parts Recycled . | . . . . . Recycled Matter . | . . . . . Retrieved Matter . | . . . . . Retrieved Components . | . . . . . Parts Scanalyzed . | . . . . . Part Schematics Acquired . | . . . . . Parts Damaged . | . . . . . Bothacking | -11 -10 -10 -10 -9 ------------ Run | Yrd Mat Min Exi Min Used RIF Installer . | . . . . . Robots Hacked . | . . . . . Non-combat . | . . . . . Combat . | . . . . . Robot Hacks Applied . | . . . . . Relay Couplers Released . | . . . . . Fabnet Peak Effective % . | . . . . . Robots Rewired . | . . . . . Allies Hacked . | . . . . . Hacks Repelled . | . . . . . Allies | -11 -10 -10 -10 -9 -------- Run | Yrd Mat Min Exi Min Total Allies . | . . . . . Largest Group . | . . . . . Highest-Rated Group . | . . . . . Highest-Rated Ally . | . . . . . Total Orders . | . . . . . Ally Attacks . | . . . . . Total Damage . | . . . . . Kills . | . . . . . Allies Corrupted . | . . . . . Allies Melted . | . . . . . Intel | -11 -10 -10 -10 -9 ------- Run | Yrd Mat Min Exi Min Robot Analysis Total . | . . . . . Derelict Logs Recovered . | . . . . . Drone Launches . | . . . . . Drone Recoveries . | . . . . . Exploration | -11 -10 -10 -10 -9 ------------- Run | Yrd Mat Min Exi Min Turns Passed 1313 | 94 201 33 858 127 Spaces Moved 1091 | 67 142 22 716 144 Core 102 | 22 . . . 80 Treads . | . . . . . Legs 989 | 45 142 22 716 64 Wheels . | . . . . . Hover . | . . . . . Flight . | . . . . . Fastest Speed 50 | 50 120 120 120 50 Average Speed 113 | 97 120 120 120 81 Slowest Speed 120 | 120 120 120 120 120 Overloaded Moves . | . . . . . Propulsion Burnouts . | . . . . . Robots Hopped . | . . . . . Cave-ins Triggered . | . . . . . Exploration Rate (%) 35 | 7 29 9 92 42 Regions Visited 4 Branch Regions 3 Pre-discovered Areas 1 | . . . 1 . Known Exits Taken 4 | 1 1 1 1 . Unknown Exits Taken . | . . . . . Scrap Searched . | . . . . . Spaces Dug . | . . . . . Terrain Destroyed . | . . . . . Melee . | . . . . . Projectile . | . . . . . AOE . | . . . . . Terrain Rammed . | . . . . . Walls Destroyed . | . . . . . Machines Disabled . | . . . . . Actions | -11 -10 -10 -10 -9 --------- Run | Yrd Mat Min Exi Min Total 1149 | 92 166 28 715 148 Wait 29 | 9 13 7 . . Move 1087 | 66 141 21 715 144 Hop . | . . . . . Pick Up 14 | 8 6 . . . Fast Attach . | . . . . . Attach 8 | 7 1 . . . Detach . | . . . . . Swap 1 | . 1 . . . Drop 1 | . 1 . . . Fire 8 | 2 3 . . 3 Melee . | . . . . . Ram . | . . . . . Kick 1 | . . . . 1 Crush . | . . . . . Escape Stasis . | . . . . . Rewire . | . . . . . Trap . | . . . . . Miscellaneous . | . . . . . Route ------- -11/Scrapyard -10/Materials -10/Mines -10/Exiles (discovered 2 exits: *Min x2) -9/Mines History --------- Turn | Location | Event 2 | -11/Scrapyard | Met Revision 17 69 | -11/Scrapyard | Identified exit to Materials 69 | -11/Scrapyard | Discovered exit to Materials (range 8) 95 | -11/Scrapyard | Entered Materials 95 | -10/Materials | Evolved 1 slot: Propulsion x1 223 | -10/Materials | Identified exit to Mines 223 | -10/Materials | Discovered exit to Mines (range 16) 270 | -10/Materials | Met 8R-AWN 296 | -10/Materials | Entered Mines 297 | -10/Mines | Followed 8R-AWN into the Mines 304 | -10/Mines | Build established: Hacker-Mutant 324 | -10/Mines | Identified exit to Exiles 324 | -10/Mines | Discovered exit to Exiles (range 5) 329 | -10/Mines | Entered Exiles 346 | -10/Exiles | Identified exit to Mines 346 | -10/Exiles | Discovered exit to Mines (range 15) 361 | -10/Exiles | Welcomed by 8R-AWN 387 | -10/Exiles | Met EX-HEX 446 | -10/Exiles | Met EX-DEC 536 | -10/Exiles | Learned location of Zion (-7) 569 | -10/Exiles | Met EX-BIN 586 | -10/Exiles | Aligned with FarCom system 587 | -10/Exiles | Given EX-Vault access code 736 | -10/Exiles | Discovered exit to Mines (range 12) 952 | -10/Exiles | Visited The Gauntlet 1187 | -10/Exiles | Entered Mines 1188 | -9/Mines | Assembled infested the area 1267 | -9/Mines | Core integrity fell below 50% 1305 | -9/Mines | Lost 5 parts (1p1n1u2w) 1310 | -9/Mines | Core integrity fell below 20% 1314 | -9/Mines | Destroyed by D-53 Grenadier with Mini Grenade Launcher Last Messages --------------- 01187_ Receiving FarCom transmissions... 01188_ ALERT: Infestation in the mines, dispatching Demolisher response squad. 01188_ K-01 Serf collects debris. 01202_ Targeting Computer destroyed. 01202_ System corrupted by crushing effect (+1). 01202_ Knocked back. 01204_ T-07 Excavator destroyed. 01215_ System corrupted: Matter fused (-6). 01217_ Kicked T-07 Excavator out of the way. 01230_ Aluminum Leg severed. 01252_ Lgt. Ion Engine destroyed. 01259_ EM Pulse Gun destroyed. 01274_ Weapon Shielding destroyed. 01274_ Sml. Laser destroyed. 01274_ Aluminum Leg destroyed. 01274_ System corrupted by crushing effect (+1). 01281_ T-07 Excavator destroyed. 01282_ S-10 Pest destroyed. 01309_ Seismic Survey Station disabled. Map ----- +----------------------------------------------------+ | ?????????????????????????????????????????????????? | | ?????????????????????????????????????????????????? | | ?????????????????????????????????????????????????# | | ??????????????????????????????????### ?##?????#### | | ??????????????????????????????????# =% ##### | | ??????????????????????????????????# * | | ??????????????????????????????????# ##%## ## | | ??????????????????????????????????# ?????#=####? | | ???????????????????????????????????????????# #???? | | ???????????????????????????????????????????# #???? | | ???????????????????????????????????????????# #???? | | ???????????????????????????????????????????# #???? | | ???????????????????????????????????????????# #???? | | ???????????????????????????????????????????# #???? | | ???????????????????????????????????????????# ##??? | | ??????????????????????????????????????????## ##?? | | ??????????????????????????????????????????# =%!### | | ??????????????????????????####????????????# | | ???????????????????????#### #####????????# | | ?????????????????????### #####????#$ # | | ????????????????????## ##???# # | | ????????????????????# #??## | | ????????????????????### " ##?# | | ??????????????????????## """d ### | | ??????????????????????## """ | | ??????????????????????# @ | | ????????????????? d ### | | ????????????????# #### ## ## ?####### | | ?????????????????????# #### ##?## #?????# | | ?????????????????????## #??# #???##### #???### | | ??????????????????????# ##??# #???????? #???# | | ??????????????????????# ??? #?????????#???# | | ??????????????????????# ?? #?????????????# | | ??????????????????????# ?## #?????????????# | | ?????????????????????? #?? % ##?????????????# | | ?????????????????????? ???# ??????????????## | | ?????????????????????? ?????? ???????????????## | | ????????????????????? ??????? ??????????????## | | ????????????????????? ?????????????????????## | | ????????????????????? ?????????????????????## | | ????????????????????????????????????????????# # | | ????????????????????????????????????????????# ## | | ????????????????????????????????????????????## #? | | ?????????????????????????????????????????????# #? | | ?????????????????????????????????????????????# =## | | ?????????????????????????????????????????????# | | ?????????????????????????????????????????????##### | | ???????????????????????????????????????????????### | | ??????????????????????????????????????????????? # | | ???????????????????????????????????????????????# # | +----------------------------------------------------+ Best States ------------- Heat Dissipation 25 Energy Generation 10 Energy Capacity 125 Matter Stores 300 Matter Capacity 300 Sight Range 16 Terrain Scan Density 10 Resistance: KI 35 Resistance: TH 35 Resistance: EX 35 Resistance: EM 35 Resistance: I 35 Resistance: S 35 Resistance: P 35 Core Shielding 20 Weapon Shielding 33 Evasion (%) 55 Targeting Accuracy 5 Offensive Hacking 20 Item Schematics ----------------- None Robot Schematics ------------------ None Fabricated ------------ Nothing Alien Tech Used ----------------- None Achievements -------------- Tourist Challenges ------------ None Game ------ Seed EfficiencyIonicExoskeleton Manual? 0 Play Time 00:25:45 Cumulative 5.2 hours Start 2024.04.02 @ 19:21:37 End 2024.04.02 @ 19:48:05 Sessions 1 Manual Loads 0 Difficulty Explorer Special Mode None Game No. 3 Rogue 0 Adventurer 0 Explorer 3 Win Type - Total 0 Types 0/0/0/0/0/0/0/0/0 Lore% 6 Gallery% 7 Achievement% 7 Wizard Run 0 Options --------- Layout 1 ASCII 0 Keyboard 0 Movement Mouse Keybinds 0 Fullscreen 2 Font 48/Smallcaps Map View 50x35 Zoom Use 0% Tactical HUD 1 Map Filters NONE Filters NONE Steam 1 RUN: ba2280ef-c1ae-4a85-ad8f-e5f45e021f71